 Dungeon Crawl Stone Soup version 0.19.1 (webtiles) character file.

2556 omegacute the Cleaver (level 9, 82/82 HPs)
             Began as a Minotaur Berserker on Nov 28, 2016.
             Was a High Priest of Trog.
             Quit the game on level 7 of the Dungeon on Nov 29, 2016.
             The game lasted 00:25:29 (6134 turns).

omegacute the Cleaver (Minotaur Berserker)          Turns: 6134, Time: 00:25:30

Health: 82/82      AC: 14    Str: 24    XL:     9   Next: 31%
Magic:  8/8        EV:  9    Int:  4    God:    Trog [*****.]
Gold:   368        SH:  0    Dex: 19    Spells: 0 memorised, 8 levels left

rFire  . . .     SeeInvis .     o - +0 war axe
rCold  . . .     Gourm    .     I - +0 chain mail
rNeg   . . .     Faith    .     (no shield)
rPois  .         Spirit   .     (helmet restricted)
rElec  .         Reflect  .     a - +0 cloak
rCorr  .         Harm     .     f - +1 pair of gloves
MR     .....                    (no boots)
Stlth  ..........               r - amulet of rage
                                q - +4 ring of dexterity
                                w - +4 ring of dexterity

@: no status effects
A: retaliatory headbutt, horns 2
a: Berserk, Trog's Hand, Brothers in Arms, Burn Spellbooks, Renounce Religion,
Evoke Berserk Rage


You were on level 7 of the Dungeon.
You worshipped Trog.
Trog was extremely pleased with you.
You were hungry.

You visited 1 branch of the dungeon, and saw 7 of its levels.

You collected 368 gold pieces.

Inventory:

Hand Weapons
 o - a +0 war axe (weapon)
Armour
 a - a +0 cloak (worn)
 f - a +1 pair of gloves (worn)
 I - a +0 chain mail (worn)
Jewellery
 q - a +4 ring of dexterity (right hand)
 r - an amulet of rage (around neck)
 w - a +4 ring of dexterity (left hand)
Wands
 b - a wand of hasting (6/9)
 d - a wand of disintegration (10/24)
 u - a wand of digging (12/24)
Scrolls
 e - 2 scrolls of teleportation
 g - a scroll of enchant armour
 h - 4 scrolls of identify
 k - a scroll of fog {unknown}
 m - a scroll of fear
 t - a scroll of remove curse
 x - 2 scrolls of blinking
 z - a scroll of magic mapping
Potions
 l - a potion of haste
 n - 2 potions of invisibility
 s - 2 potions of mutation {unknown}
 v - 3 potions of flight
 A - a potion of cancellation {unknown}
 B - a potion of resistance
 C - 3 potions of curing {unknown}
 D - 2 potions of degeneration {unknown}
 G - a potion of berserk rage {unknown}
 H - 2 potions of heal wounds
Books
 y - a book of Callings

   Spells                             Type                      Level
   a - Summon Small Mammal            Summoning                    1
   b - Call Imp                       Summoning                    2
   c - Call Canine Familiar           Summoning                    3
   d - Summon Guardian Golem          Hexes/Summoning              3
   e - Summon Lightning Spire         Summoning/Air                4
   f - Summon Ice Beast               Ice/Summoning                4
   Trog disapproves of the use of such an item.
 F - a book of Maledictions

   Spells                             Type                      Level
   a - Corona                         Hexes                        1
   b - Ensorcelled Hibernation        Hexes/Ice                    2
   c - Confuse                        Hexes                        3
   d - Tukima's Dance                 Hexes                        3
   e - Dazzling Spray                 Conjuration/Hexes            3
   Trog disapproves of the use of such an item.
Comestibles
 c - 6 bread rations
 i - a fruit
 j - a beef jerky
 p - 3 meat rations


   Skills:
 + Level 8.5 Fighting
 * Level 11.3 Axes
 + Level 7.6 Armour
 - Level 2.1 Dodging


You had 8 spell levels left.
You didn't know any spells.

Dungeon Overview and Level Annotations

Branches:
Dungeon (7/15)             Temple (0/1) D:7

Altars:
Dithmenos
Elyvilon
Okawaru
Uskayaw
Vehumet
The Shining One

Shops:
D:4 }


Innate Abilities, Weirdness & Mutations

You reflexively headbutt those who attack you in melee.
You have a pair of horns on your head.


Message History

You take 1 damage, and have 81/82 hp.
You slice the bullfrog skeleton!!
You destroy the bullfrog skeleton!
Trog accepts your kill.
An adder zombie comes into view.
Health restored: 82 The adder zombie bites you but does no damage.
You slash the adder zombie! You headbutt the adder zombie.
You destroy the adder zombie!
Trog accepts your kill.
No target in view!
You are feeling hungry.
Done exploring.
Done exploring.
Save game and exit?
Welcome back, omegacute the Minotaur Berserker.
Trog says: Kill them all!
Press ? for a list of commands and other information.
Unknown command.
Are you sure you want to abandon this character and quit the game? (Confirm with "yes".)

.......#### ##..............###
..........####.................##
................................#
.................................
.........##......................
.############....................
.# #...................# .##
##.................## ..#
###@.............## ..###
###...........## ....#
##........### ## ...## ##......##
#. ...# ###...## #. ...# ##.##
##. .#.## #### ##..### #..
##..###..# ##[....## #..
##..##...# #..##...###..


There were no monsters in sight!

Vanquished Creatures
  A hornet (D:7)
  Eustachio (D:5)
  Duvessa (D:4)
  An orc warrior (D:7)
  A sky beast (D:7)
  2 ogres
  A centaur (D:7)
  A bullfrog (D:7)
  Dowan (D:4)
  8 wights
  A howler monkey (D:4)
  3 crimson imps
  A bullfrog zombie (D:7)
  2 bullfrog skeletons
  A jelly (D:5)
  2 orc wizards
  Crazy Yiuf (D:6)
  5 orc priests
  4 hounds
  2 centaur skeletons
  A gnoll shaman (D:6)
  An iguana (D:5)
  Ijyb (D:3)
  A worker ant (D:5)
  11 adders
  16 gnolls
  2 shadow imps
  2 oozes (D:2)
  An adder zombie (D:7)
  2 worms (D:3)
  13 dart slugs
  3 leopard geckos
  32 orcs
  3 ball pythons (D:3)
  7 bats
  3 giant cockroaches
  2 goblins
  8 hobgoblins
  11 jackals
  9 kobolds
  2 quokkas
  5 frilled lizards
  A quokka skeleton (D:6)
  3 rats
180 creatures vanquished.

Notes
Turn   | Place    | Note
-------+----------+-------------------------------------------
     0 | D:1      | omegacute the Minotaur Berserker began the quest for the Orb.
     0 | D:1      | Reached XP level 1. HP: 19/19 MP: 0/0
   154 | D:1      | Reached skill level 4 in Axes
   477 | D:1      | Reached XP level 2. HP: 27/27 MP: 1/1
   759 | D:2      | Reached XP level 3. HP: 33/33 MP: 2/2
   901 | D:2      | Reached ** piety under Trog
  1251 | D:2      | Found a glowing golden altar of the Shining One.
  1545 | D:2      | Reached skill level 5 in Axes
  1545 | D:2      | Reached XP level 4. HP: 41/41 MP: 3/3
  1757 | D:3      | Reached XP level 5. HP: 41/47 MP: 4/4
  1930 | D:3      | Noticed Ijyb
  1935 | D:3      | Killed Ijyb
  1935 | D:3      | Reached skill level 5 in Fighting
  1935 | D:3      | Reached skill level 6 in Axes
  1937 | D:3      | Reached *** piety under Trog
  2575 | D:4      | Reached XP level 6. HP: 38/56 MP: 5/5
  2669 | D:4      | Found a radiant altar of Vehumet.
  2851 | D:4      | Reached skill level 7 in Axes
  3132 | D:4      | Noticed Dowan
  3133 | D:4      | Noticed Duvessa
  3141 | D:4      | Killed Duvessa
  3141 | D:4      | Reached XP level 7. HP: 62/62 MP: 6/6
  3142 | D:4      | Killed Dowan
  3142 | D:4      | Reached skill level 5 in Armour
  3186 | D:4      | Found Beuddure's Gadget Emporium.
  3287 | D:5      | Entered Level 5 of the Dungeon
  3312 | D:5      | Found an iron altar of Okawaru.
  3446 | D:5      | Reached skill level 8 in Axes
  3502 | D:5      | Found a white marble altar of Elyvilon.
  3514 | D:5      | Found a hide-covered altar of Uskayaw.
  3662 | D:5      | Found a shadowy altar of Dithmenos.
  3885 | D:5      | Noticed Eustachio
  3895 | D:5      | Killed Eustachio
  3895 | D:5      | Reached **** piety under Trog
  3895 | D:5      | Reached skill level 9 in Axes
  3895 | D:5      | Reached XP level 8. HP: 71/71 MP: 7/7
  4453 | D:6      | Found a runed door.
  4458 | D:6      | Noticed Crazy Yiuf
  4463 | D:6      | Killed Crazy Yiuf
  4628 | D:6      | Reached skill level 10 in Axes
  5615 | D:7      | Noticed a hornet
  5621 | D:7      | Killed a hornet
  5621 | D:7      | Reached XP level 9. HP: 66/81 MP: 8/8
  5698 | D:7      | Reached skill level 11 in Axes
  5760 | D:7      | Reached ***** piety under Trog
  5826 | D:7      | Found a staircase to the Ecumenical Temple.
  6134 | D:7      | Quit the game

Skill      XL: |  1  2  3  4  5  6  7  8  9 |
---------------+----------------------------+-----
Axes           | 4 5 6 7 9 10 11 | 11.3
Fighting       | 4 5 6 8 |  8.5
Armour         | 3 4 5 7 |  7.6
Dodging        | |  2.1

Action                   |  1- 3 |  4- 6 |  7- 9 || total
-------------------------+-------+-------+-------++-------
Melee: Hand axe          |    95 |   117 |    95 ||   307
       Headbutt          |    14 |    14 |    45 ||    73
       War axe           |       |       |   106 ||   106
Invok: Berserk           |     1 |     5 |     7 ||    13
       Trog's Hand       |       |     1 |     1 ||     2
  Use: Potion            |     6 |       |       ||     6
       Scroll            |       |       |    11 ||    11
  Eat: Chunk             |     4 |     9 |    16 ||    29
       Fruit             |       |       |     1 ||     1
Armor: Ring mail         |    35 |    66 |    18 ||   119
       Chain mail        |       |       |    71 ||    71
Dodge: Dodged            |    64 |    74 |    84 ||   222
